Wild vs Islanders

Created - 2 avril 2018 at 11:40

Goals
1 2 3 T
Wild 0 2 1 3
Islanders 1 1 2 4
Shots
1 2 3 T
Wild 5 12 12 29
Islanders 18 20 13 51

1st period

1. Islanders , Vladimir Tarasenko 32 (Nicklas Backstrom 40) at 16:35

Penalties :
No Penalty

2nd period

2. Wild , Christian Dvorak 13 (John Moore 15, Anton Khudobin) at 5:33
3. Islanders , Brandon Saad 24 (Radek Faksa 14, James Neal 22) at 16:19
4. Wild , Jack Eichel 28 (Brad Marchand 44, Marcus Johansson 35) at 18:59 (PP)

Penalties :
Jack Eichel (MIW) for Hooking (Minor) at 11:37, Nicklas Backstrom (NYI) for Slashing (Minor) at 18:43

3rd period

5. Wild , Brad Marchand 29 (Marcus Johansson 36, Anton Khudobin) at 0:59 (PP)
6. Islanders , Brandon Saad 25 (James Neal 23, Radek Faksa 15) at 1:14
7. Islanders , Kyle Palmieri 22 (Jake Gardiner 18, Nicklas Backstrom 41) at 5:01 (PP)

Penalties :
Nicklas Backstrom (NYI) for Holding (Minor) at 0:27, Brent Burns (MIW) for Tripping (Minor) at 3:23

Goalie Stats

Anton Khudobin (MIW), 47 saves from 51 shots - (0,922), L, 3-5-1, 59:41 minutes
Corey Crawford (NYI), 26 saves from 29 shots - (0,897), W, 30-20-8, 60:00 minutes

Players Stats for Wild

Player Name              G  A  P  +/- PIM S  H  SB GA TA FO     MP     PP MP  PK MP  
------------------------------------------------------------------------------------
Adam Lowry               0  0  0  -1  0   1  1  0  0  0  3/10   16:31   0:00   2:35 
Adrian Kempe             0  0  0   0  0   1  1  1  0  0  0/0    18:39   0:00   1:36 
Brad Marchand            1  1  2  -1  0   6  1  2  2  0  1/1    21:56   0:48   1:02 
Brent Burns              0  0  0  -2  2   1  2  0  2  1  0/0    26:22   0:32   0:00 
Chris Tierney            0  0  0   0  0   0  0  0  0  0  2/4     9:11   0:00   0:45 
Christian Dvorak         1  0  1   0  0   2  0  0  0  0  0/0     7:43   0:00   0:00 
Daniel Sedin             0  0  0   0  0   2  0  0  1  0  0/1    17:03   0:00   0:00 
Evgeny Kuznetsov         0  0  0   0  0   2  1  1  2  0  7/9    19:04   0:00   0:00 
Jack Eichel              1  0  1  -1  2   5  1  0  1  1  13/32  20:53   0:48   0:00 
John Moore               0  1  1   0  0   0  1  0  0  2  0/0    18:49   0:16   1:27 
Jonas Brodin             0  0  0   0  0   0  0  2  0  0  0/0    15:46   0:00   2:10 
Kris Letang              0  0  0   0  0   0  0  3  1  0  0/0    17:32   0:16   0:00 
Marcus Johansson         0  2  2  -1  0   5  1  1  0  0  1/2    18:57   0:48   0:00 
Nikita Zadorov           0  0  0   0  0   1  1  2  0  0  0/0    15:22   0:00   2:10 
Ryan Hartman             0  0  0   0  0   0  0  0  0  0  0/0     0:27   0:00   0:00 
Ryan Suter               0  0  0  -2  0   1  0  3  0  1  0/0    27:16   0:32   1:27 
Shane Doan               0  0  0  -1  0   0  1  0  0  0  0/0    12:24   0:00   1:16 
William Nylander         0  0  0  -1  0   2  0  0  1  0  0/0    12:26   0:00   0:00 

Players Stats for Islanders

Player Name              G  A  P  +/- PIM S  H  SB GA TA FO     MP     PP MP  PK MP  
------------------------------------------------------------------------------------
Alex Goligoski           0  0  0   2  0   3  0  0  0  2  0/0    22:48   2:33   0:48 
Brandon Saad             2  0  2   1  0   8  0  0  2  0  1/2    21:09   2:00   0:00 
Chris Mueller            0  0  0   0  0   0  0  0  0  0  0/0     7:44   0:00   0:00 
Cole Schneider           0  0  0   0  0   0  0  0  0  0  0/0     7:44   0:00   0:00 
Jake Gardiner            0  1  1   0  0   2  2  1  0  1  0/0    18:55   1:04   0:00 
James Neal               0  2  2   1  0   13 1  0  1  0  1/1    21:09   2:00   0:00 
Jesper Fast              0  0  0   0  0   1  2  2  1  0  0/0    12:52   0:00   0:48 
Jordie Benn              0  0  0   0  0   1  2  1  0  0  0/0    18:17   0:00   0:00 
Karl Alzner              0  0  0   2  0   0  2  0  0  1  0/0    20:13   0:00   0:48 
Kyle Palmieri            1  0  1   1  0   3  2  2  0  2  1/2    18:15   1:37   0:00 
Matt Dumba               0  0  0   0  0   2  1  5  0  0  0/0    20:50   2:33   0:00 
Mikhail Grigorenko       0  0  0   0  0   4  0  0  0  2  0/0    12:04   0:00   0:00 
Nicklas Backstrom        0  2  2   1  4   4  2  0  0  0  10/19  18:13   1:37   0:00 
Radek Faksa              0  2  2   1  0   5  4  0  0  1  14/26  21:57   2:00   0:48 
Ryan Murray              0  0  0   0  0   0  0  0  0  0  0/0     0:02   0:00   0:00 
Timo Meier               0  0  0   0  0   0  3  0  0  0  0/0     7:44   0:00   0:00 
Tyler Bozak              0  0  0   0  0   2  1  0  0  1  5/7    12:04   0:00   0:00 
Vladimir Tarasenko       1  0  1   1  0   2  1  1  1  0  0/2    18:15   1:37   0:00 
Will Butcher             0  0  0   0  0   1  1  0  0  0  0/0    18:55   1:04   0:00 

3 Stars

1 - Brandon Saad (NYI)
2 - Radek Faksa (NYI)
3 - Kyle Palmieri (NYI)

Power Play

Wild - 2 on 2 Attempt(s) - 100,00%
Islanders - 1 on 2 Attempt(s) - 50,00%

Penalty Kill

Wild - 1 on 2 Attempt(s) - 50,00% - Score 0 goal in Penalty Kill
Islanders - 0 on 2 Attempt(s) - 0,00% - Score 0 goal in Penalty Kill

Team Stat

Wild - Hits : 11 - Faceoff Wins : 27 - Blocked Shots : 15 - Penalty Minutes : 4
Islanders - Hits : 24 - Faceoff Wins : 32 - Blocked Shots : 12 - Penalty Minutes : 4

Official

Referees : Dennis LaRue and Tim Peel
Linesman : Jay Sharrers and Scott Driscoll

Game Notes

Ryan Hartman is injured at 2:34 of 1st period (Bruised Right Foot)
18:59 of 2nd period - Wild goal is going for a video replay. After video review, Goal.

Finance

Level 1 -- Attendance: 4665 (77,75%) -- Ticket Income 466 500 $
Level 2 -- Attendance: 4272 (85,44%) -- Ticket Income 256 320 $
Level 3 -- Attendance: 2000 (100,00%) -- Ticket Income 70 000 $
Level 4 -- Attendance: 3966 (99,15%) -- Ticket Income 79 320 $
Luxury Box -- Attendance: 773 (77,30%) -- Ticket Income 154 600 $
Game was played at the Long Island Arena.
Total Attendance: 15676 (87,09%)
Total Ticket Income: 1 026 740 $
Other Income: 503 103 $
Total Income: 1 529 843 $

Wild

5 vs 5 Forward 
   Center                   Left Wing                Right Wing               Time % Phy DF OF 
 1 Jack Eichel              Brad Marchand            Marcus Johansson         40     1   2  2  
 2 Evgeny Kuznetsov         Daniel Sedin             Adrian Kempe             30     1   2  2  
 3 Adam Lowry               William Nylander         Shane Doan               20     1   2  2  
 4 Chris Tierney            Christian Dvorak         Ryan Hartman             10     1   2  2  

5 vs 5 Defense 
   Defense                  Defense                                           Time % Phy DF OF 
 1 Brent Burns              Ryan Suter                                        40     1   2  2  
 2 Kris Letang              John Moore                                        30     1   2  2  
 3 Jonas Brodin             Nikita Zadorov                                    20     1   2  2  
 4 Brent Burns              Ryan Suter                                        10     1   2  2  

PowerPlay Forward 
   Center                   Left Wing                Right Wing               Time % Phy DF OF 
 1 Jack Eichel              Brad Marchand            Marcus Johansson         60     1   2  2  
 2 Evgeny Kuznetsov         Daniel Sedin             Adrian Kempe             40     1   2  2  

PowerPlay Defense
   Defense                  Defense                                           Time % Phy DF OF 
 1 Brent Burns              Ryan Suter                                        60     1   2  2  
 2 Kris Letang              John Moore                                        40     1   2  2  

Penalty Kill 4 Players Forward 
   Center                   Wing                     Time % Phy DF OF 
 1 Adam Lowry               Adrian Kempe             60     1   2  2  
 2 Chris Tierney            Brad Marchand            40     1   2  2  

Penalty Kill 4 Players Defense
   Defense                  Defense                  Time % Phy DF OF 
 1 Jonas Brodin             Nikita Zadorov           60     1   2  2  
 2 John Moore               Ryan Suter               40     1   2  2  

Penalty Kill - 3 Players Forward 
   Forward                                           Time % Phy DF OF 
 1 Adam Lowry                                        60     1   2  2  
 2 Chris Tierney                                     40     1   2  2  

Penalty Kill - 3 Players Defense
   Defense                  Defense                  Time % Phy DF OF 
 1 Nikita Zadorov           Jonas Brodin             60     1   2  2  
 2 Ryan Suter               John Moore               40     1   2  2  

4 vs 4 Forward 
   Center                   Wing                     Time % Phy DF OF 
 1 Jack Eichel              Evgeny Kuznetsov         60     1   2  2  
 2 Evgeny Kuznetsov         Daniel Sedin             40     1   2  2  

4 vs 4 Defense
   Defense                  Defense                  Time % Phy DF OF 
 1 Brent Burns              Ryan Suter               60     1   2  2  
 2 Kris Letang              John Moore               40     1   2  2  

Last Minutes Offensive
   Center                   Left Wing                Right Wing               Defense                  Defense                  
   Jack Eichel              Brad Marchand            Evgeny Kuznetsov         Brent Burns              Ryan Suter               

Last Minutes Defensive
   Center                   Left Wing                Right Wing               Defense                  Defense                  
   Jack Eichel              Brad Marchand            Evgeny Kuznetsov         Brent Burns              Ryan Suter               

Goaltenders
Starting : Anton Khudobin           
Backup : Devan Dubnyk             

Extra Forwards
Normal : Adam Lowry, William Nylander, Shane Doan - PP : Adam Lowry, William Nylander - PK : Shane Doan
Extra Defensemen
Normal : Jonas Brodin, Nikita Zadorov, Kris Letang - PP : Jonas Brodin - PK : Nikita Zadorov, Kris Letang
Penalty Shots
Brad Marchand, Brent Burns, Jack Eichel, Evgeny Kuznetsov, Daniel Sedin
Custom OT Lines Forwards
Brad Marchand, Brent Burns, Jack Eichel, Evgeny Kuznetsov, Daniel Sedin, Marcus Johansson, Adam Lowry, Adrian Kempe, William Nylander, Shane Doan
Custom OT Lines Defensemen
Brent Burns, Ryan Suter, Kris Letang, John Moore, Jonas Brodin

Scratches
Frank Vatrano (Healthy), Martin Marincin (Healthy)

Islanders

5 vs 5 Forward 
   Center                   Left Wing                Right Wing               Time % Phy DF OF 
 1 Nicklas Backstrom        Kyle Palmieri            Vladimir Tarasenko       35     0   2  3  
 2 Radek Faksa              James Neal               Brandon Saad             35     0   2  3  
 3 Tyler Bozak              Jesper Fast              Mikhail Grigorenko       25     0   2  3  
 4 Chris Mueller            Timo Meier               Cole Schneider           5      0   3  2  

5 vs 5 Defense 
   Defense                  Defense                                           Time % Phy DF OF 
 1 Alex Goligoski           Karl Alzner                                       33     0   3  2  
 2 Jake Gardiner            Will Butcher                                      33     0   3  2  
 3 Matt Dumba               Jordie Benn                                       29     0   3  2  
 4 Alex Goligoski           Karl Alzner                                       5      1   2  2  

PowerPlay Forward 
   Center                   Left Wing                Right Wing               Time % Phy DF OF 
 1 Nicklas Backstrom        Kyle Palmieri            Vladimir Tarasenko       50     0   1  4  
 2 Radek Faksa              James Neal               Brandon Saad             50     0   1  4  

PowerPlay Defense
   Defense                  Defense                                           Time % Phy DF OF 
 1 Alex Goligoski           Matt Dumba                                        50     0   2  3  
 2 Jake Gardiner            Will Butcher                                      50     0   2  3  

Penalty Kill 4 Players Forward 
   Center                   Wing                     Time % Phy DF OF 
 1 Radek Faksa              Jesper Fast              60     0   4  1  
 2 Mikhail Grigorenko       Kyle Palmieri            40     0   4  1  

Penalty Kill 4 Players Defense
   Defense                  Defense                  Time % Phy DF OF 
 1 Alex Goligoski           Karl Alzner              60     0   5  0  
 2 Jake Gardiner            Jordie Benn              40     0   5  0  

Penalty Kill - 3 Players Forward 
   Forward                                           Time % Phy DF OF 
 1 Radek Faksa                                       50     0   4  1  
 2 Jesper Fast                                       50     0   4  1  

Penalty Kill - 3 Players Defense
   Defense                  Defense                  Time % Phy DF OF 
 1 Alex Goligoski           Karl Alzner              60     0   5  0  
 2 Jake Gardiner            Jordie Benn              40     0   5  0  

4 vs 4 Forward 
   Center                   Wing                     Time % Phy DF OF 
 1 Nicklas Backstrom        Vladimir Tarasenko       60     1   2  2  
 2 Kyle Palmieri            James Neal               40     1   2  2  

4 vs 4 Defense
   Defense                  Defense                  Time % Phy DF OF 
 1 Alex Goligoski           Karl Alzner              60     1   2  2  
 2 Jake Gardiner            Will Butcher             40     1   2  2  

Last Minutes Offensive
   Center                   Left Wing                Right Wing               Defense                  Defense                  
   Nicklas Backstrom        Kyle Palmieri            Vladimir Tarasenko       Alex Goligoski           Karl Alzner              

Last Minutes Defensive
   Center                   Left Wing                Right Wing               Defense                  Defense                  
   Nicklas Backstrom        Kyle Palmieri            Vladimir Tarasenko       Alex Goligoski           Karl Alzner              

Goaltenders
Starting : Corey Crawford           
Backup : Keith Kinkaid            

Extra Forwards
Normal : Tyler Bozak, Jesper Fast, Mikhail Grigorenko - PP : Tyler Bozak, Jesper Fast - PK : Mikhail Grigorenko
Extra Defensemen
Normal : Matt Dumba, Ryan Murray, Jake Gardiner - PP : Matt Dumba - PK : Jordie Benn, Alex Goligoski
Penalty Shots
Nicklas Backstrom, Vladimir Tarasenko, Kyle Palmieri, James Neal, Brandon Saad
Custom OT Lines Forwards
Nicklas Backstrom, Vladimir Tarasenko, Kyle Palmieri, James Neal, Brandon Saad, Radek Faksa, Tyler Bozak, Jesper Fast, Mikhail Grigorenko, Chris Mueller
Custom OT Lines Defensemen
Alex Goligoski, Karl Alzner, Jake Gardiner, Will Butcher, Matt Dumba

Scratches
Colin Greening (Healthy), Al Montoya (Healthy)

% Time on Ice - Wild

Lines # - Real PCT - Wanted PCT - Time Play
Normal Forward
1 - 35% - 40% - 18:52
2 - 31% - 30% - 17:03
3 - 20% - 20% - 10:43
4 - 14% - 10% - 7:43
Normal Defense
1 - 40% - 40% - 21:42
2 - 31% - 30% - 17:06
3 - 21% - 20% - 11:27
4 - 8% - 10% - 4:06
PP Forward
1 - 100% - 60% - 0:48
2 - 0% - 40% - 0:00
PP Defense
1 - 67% - 60% - 0:32
2 - 33% - 40% - 0:16
PK Forward
1 - 83% - 60% - 3:01
2 - 17% - 40% - 0:36
PK Defense
1 - 60% - 60% - 2:10
2 - 40% - 40% - 1:27
PK3 Forward
1 - 0% - 60%
2 - 0% - 40%
PK3 Defense
1 - 0% - 60%
2 - 0% - 40%
44 Forward
1 - 0% - 60%
2 - 0% - 40%
44 Defense
1 - 0% - 60%
2 - 0% - 40%
Last Minute Offensive  - 1:14
Last Minute Defensive  - 0:00
Total
Forward - 60:00
Defense - 60:00

% Time on Ice - Islanders

Lines # - Real PCT - Wanted PCT - Time Play
Normal Forward
1 - 30% - 35% - 16:38
2 - 34% - 35% - 19:09
3 - 22% - 25% - 12:04
4 - 14% - 5% - 7:44
Normal Defense
1 - 32% - 33% - 17:43
2 - 32% - 33% - 17:51
3 - 33% - 29% - 18:17
4 - 3% - 5% - 1:44
PP Forward
1 - 45% - 50% - 1:37
2 - 55% - 50% - 2:00
PP Defense
1 - 71% - 50% - 2:33
2 - 29% - 50% - 1:04
PK Forward
1 - 100% - 60% - 0:48
2 - 0% - 40% - 0:00
PK Defense
1 - 100% - 60% - 0:48
2 - 0% - 40% - 0:00
PK3 Forward
1 - 0% - 50%
2 - 0% - 50%
PK3 Defense
1 - 0% - 60%
2 - 0% - 40%
44 Forward
1 - 0% - 60%
2 - 0% - 40%
44 Defense
1 - 0% - 60%
2 - 0% - 40%
Last Minute Offensive  - 0:00
Last Minute Defensive  - 0:00
Total
Forward - 60:00
Defense - 60:00

Play by Play

1st period


0:01 of 1st period - Nicklas Backstrom wins face-off versus Jack Eichel in neutral zone.
0:30 of 1st period - Brent Burns is hit by Radek Faksa and loses puck.
0:51 of 1st period - Wrist shot by Tyler Bozak.
0:51 of 1st period - Stopped by Anton Khudobin with a rebound.
0:53 of 1st period - Snap shot by Jesper Fast.
0:53 of 1st period - Shot Misses the Net.
0:55 of 1st period - Wrist shot by Mikhail Grigorenko.
0:55 of 1st period - Stopped by Anton Khudobin with a rebound.
0:57 of 1st period - Slapshot by Will Butcher.
0:57 of 1st period - Shot Misses the Net.
1:59 of 1st period - Slapshot by Brandon Saad.
1:59 of 1st period - Shot Misses the Net.
2:17 of 1st period - Snap shot by Tyler Bozak.
2:17 of 1st period - Shot Blocked by Kris Letang.
2:33 of 1st period - Ryan Hartman is hit by Timo Meier and loses puck.
2:34 of 1st period - Ryan Hartman from Wild is injured at 2:34 of 1st period (Bruised Right Foot).
2:35 of 1st period - Jack Eichel wins face-off versus Radek Faksa in Wild zone.
3:02 of 1st period - Jonas Brodin is hit by Jordie Benn and loses puck.
3:30 of 1st period - Icing by Jonas Brodin.
3:31 of 1st period - Radek Faksa wins face-off versus Adam Lowry in Wild zone.
3:32 of 1st period - Snap shot by James Neal.
3:32 of 1st period - Stopped by Anton Khudobin with a rebound.
3:42 of 1st period - Snap shot by Adam Lowry.
3:42 of 1st period - Stopped by Corey Crawford without a rebound.
3:43 of 1st period - Kyle Palmieri wins face-off versus Jack Eichel in Islanders zone.
3:48 of 1st period - Wrist shot by Vladimir Tarasenko.
3:48 of 1st period - Shot Blocked by Brad Marchand.
4:40 of 1st period - Backhand shot by Brandon Saad.
4:40 of 1st period - Shot Misses the Net.
4:42 of 1st period - Slapshot by Radek Faksa.
4:42 of 1st period - Shot Misses the Net.
4:44 of 1st period - Backhand shot by Radek Faksa.
4:44 of 1st period - Stopped by Anton Khudobin without a rebound.
4:45 of 1st period - Jack Eichel wins face-off versus Nicklas Backstrom in Wild zone.
4:50 of 1st period - Wrist shot by Brad Marchand.
4:50 of 1st period - Shot Blocked by Kyle Palmieri.
5:21 of 1st period - Slapshot by Brandon Saad.
5:21 of 1st period - Deflect By Radek Faksa.
5:21 of 1st period - Shot Blocked by Kris Letang.
5:21 of 1st period - Puck is out of play.
5:22 of 1st period - Radek Faksa wins face-off versus Daniel Sedin in Wild zone.
5:23 of 1st period - Snap shot by James Neal.
5:23 of 1st period - Stopped by Anton Khudobin with a rebound.
5:31 of 1st period - Icing by Brent Burns.
5:32 of 1st period - Radek Faksa wins face-off versus Evgeny Kuznetsov in Wild zone.
5:37 of 1st period - Snap shot by Brandon Saad.
5:37 of 1st period - Stopped by Anton Khudobin with a rebound.
5:41 of 1st period - Slapshot by James Neal.
5:41 of 1st period - Stopped by Anton Khudobin with a rebound.
5:43 of 1st period - Slapshot by Brandon Saad.
5:43 of 1st period - Stopped by Anton Khudobin with a rebound.
5:47 of 1st period - Backhand shot by James Neal.
5:47 of 1st period - Stopped by Anton Khudobin without a rebound.
5:48 of 1st period - Tyler Bozak wins face-off versus Jack Eichel in Wild zone.
5:53 of 1st period - Slapshot by Tyler Bozak.
5:53 of 1st period - Deflect By Mikhail Grigorenko.
5:53 of 1st period - Stopped by Anton Khudobin with a rebound.
5:55 of 1st period - Snap shot by Alex Goligoski.
5:55 of 1st period - Stopped by Anton Khudobin with a rebound.
5:57 of 1st period - Slapshot by Alex Goligoski.
5:57 of 1st period - Shot Misses the Net.
6:13 of 1st period - Jack Eichel is hit by Radek Faksa and loses puck.
6:40 of 1st period - Adam Lowry is hit by Kyle Palmieri and loses puck.
7:14 of 1st period - Will Butcher is hit by John Moore and loses puck.
7:21 of 1st period - Snap shot by Daniel Sedin.
7:21 of 1st period - Deflect By Adrian Kempe.
7:21 of 1st period - Shot Misses the Net.
7:21 of 1st period - Puck is out of play.
7:22 of 1st period - Chris Tierney wins face-off versus Nicklas Backstrom in Islanders zone.
7:48 of 1st period - Nikita Zadorov is hit by James Neal and loses puck.
9:09 of 1st period - Jonas Brodin is hit by Radek Faksa and loses puck.
9:51 of 1st period - Evgeny Kuznetsov is hit by Will Butcher and loses puck.
10:02 of 1st period - Alex Goligoski is hit by Shane Doan.
10:18 of 1st period - Karl Alzner is hit by Brent Burns and loses puck.
10:47 of 1st period - Slapshot by Brandon Saad.
10:47 of 1st period - Shot Blocked by Jonas Brodin.
11:04 of 1st period - Kris Letang is hit by Nicklas Backstrom and loses puck.
12:15 of 1st period - Wrist shot by Evgeny Kuznetsov.
12:15 of 1st period - Stopped by Corey Crawford with a rebound.
12:17 of 1st period - Snap shot by Adrian Kempe.
12:17 of 1st period - Shot Blocked by Jesper Fast.
13:42 of 1st period - Adrian Kempe is hit by Nicklas Backstrom and loses puck.
13:49 of 1st period - Slapshot by Kyle Palmieri.
13:49 of 1st period - Stopped by Anton Khudobin without a rebound.
13:50 of 1st period - Radek Faksa wins face-off versus Jack Eichel in Wild zone.
14:02 of 1st period - Off-side.
14:03 of 1st period - Nicklas Backstrom wins face-off versus Jack Eichel in neutral zone.
14:58 of 1st period - Slapshot by Evgeny Kuznetsov.
14:58 of 1st period - Deflect By Daniel Sedin.
14:58 of 1st period - Stopped by Corey Crawford without a rebound.
14:59 of 1st period - Jack Eichel wins face-off versus Nicklas Backstrom in Islanders zone.
15:14 of 1st period - Wrist shot by Marcus Johansson.
15:14 of 1st period - Stopped by Corey Crawford with a rebound.
15:16 of 1st period - Slapshot by Brent Burns.
15:16 of 1st period - Shot Misses the Net.
15:26 of 1st period - Shane Doan is hit by Radek Faksa.
16:16 of 1st period - Adrian Kempe is hit by Karl Alzner and loses puck.
16:33 of 1st period - Snap shot by Nicklas Backstrom.
16:33 of 1st period - Shot Misses the Net.
16:35 of 1st period - Snap shot by Vladimir Tarasenko.
16:35 of 1st period - Goal by Vladimir Tarasenko - Wild : 0 - Islanders : 1.
16:36 of 1st period - Jack Eichel wins face-off versus Radek Faksa in neutral zone.
16:41 of 1st period - Wrist shot by Marcus Johansson.
16:41 of 1st period - Stopped by Corey Crawford with a rebound.
16:50 of 1st period - Off-side.
16:51 of 1st period - Nicklas Backstrom wins face-off versus Evgeny Kuznetsov in neutral zone.
16:58 of 1st period - Wrist shot by Vladimir Tarasenko.
16:58 of 1st period - Stopped by Anton Khudobin without a rebound.
16:59 of 1st period - Evgeny Kuznetsov wins face-off versus Nicklas Backstrom in Wild zone.
17:16 of 1st period - Slapshot by Nicklas Backstrom.
17:16 of 1st period - Stopped by Anton Khudobin with a rebound.
17:20 of 1st period - Snap shot by Nicklas Backstrom.
17:20 of 1st period - Stopped by Anton Khudobin with a rebound.
17:22 of 1st period - Snap shot by Nicklas Backstrom.
17:22 of 1st period - Stopped by Anton Khudobin without a rebound.
17:23 of 1st period - Radek Faksa wins face-off versus Jack Eichel in Wild zone.
17:24 of 1st period - Snap shot by Brandon Saad.
17:24 of 1st period - Shot Misses the Net.
18:24 of 1st period - Snap shot by Adrian Kempe.
18:24 of 1st period - Shot Misses the Net.
19:08 of 1st period - Alex Goligoski is hit by Brent Burns and loses puck.
19:49 of 1st period - Backhand shot by James Neal.
19:49 of 1st period - Stopped by Anton Khudobin without a rebound.
19:50 of 1st period - Brad Marchand wins face-off versus Radek Faksa in Wild zone.
19:57 of 1st period - Snap shot by James Neal.
19:57 of 1st period - Shot Blocked by Marcus Johansson.
Goals for this period are 0 for Wild vs 1 for Islanders.
Shots for this period are 5 for Wild vs 18 for Islanders.

2nd period


0:01 of 2nd period - Radek Faksa wins face-off versus Jack Eichel in neutral zone.
0:12 of 2nd period - Wrist shot by James Neal.
0:12 of 2nd period - Stopped by Anton Khudobin with a rebound.
0:14 of 2nd period - Wrist shot by Radek Faksa.
0:14 of 2nd period - Stopped by Anton Khudobin with a rebound.
0:16 of 2nd period - Wrist shot by Karl Alzner.
0:16 of 2nd period - Deflect By James Neal.
0:16 of 2nd period - Deflect By Ryan Suter.
0:16 of 2nd period - Stopped by Anton Khudobin without a rebound.
0:17 of 2nd period - Nicklas Backstrom wins face-off versus Adam Lowry in Wild zone.
1:02 of 2nd period - Slapshot by Brent Burns.
1:02 of 2nd period - Shot Misses the Net.
1:21 of 2nd period - Wrist shot by James Neal.
1:21 of 2nd period - Stopped by Anton Khudobin without a rebound.
1:22 of 2nd period - Nicklas Backstrom wins face-off versus Jack Eichel in Wild zone.
1:39 of 2nd period - Snap shot by Vladimir Tarasenko.
1:39 of 2nd period - Shot Misses the Net.
1:58 of 2nd period - Wrist shot by James Neal.
1:58 of 2nd period - Stopped by Anton Khudobin without a rebound.
1:59 of 2nd period - Tyler Bozak wins face-off versus Chris Tierney in Wild zone.
2:54 of 2nd period - Snap shot by Brandon Saad.
2:54 of 2nd period - Stopped by Anton Khudobin without a rebound.
2:55 of 2nd period - Radek Faksa wins face-off versus Jack Eichel in Wild zone.
2:58 of 2nd period - Snap shot by Brandon Saad.
2:58 of 2nd period - Shot Misses the Net.
3:00 of 2nd period - Wrist shot by James Neal.
3:00 of 2nd period - Stopped by Anton Khudobin without a rebound.
3:01 of 2nd period - Jack Eichel wins face-off versus Radek Faksa in Wild zone.
3:08 of 2nd period - Snap shot by Radek Faksa.
3:08 of 2nd period - Stopped by Anton Khudobin with a rebound.
3:10 of 2nd period - Slapshot by Brandon Saad.
3:10 of 2nd period - Shot Misses the Net.
3:12 of 2nd period - Slapshot by Brandon Saad.
3:12 of 2nd period - Shot Misses the Net.
3:52 of 2nd period - Snap shot by Chris Mueller.
3:52 of 2nd period - Shot Blocked by Nikita Zadorov.
4:23 of 2nd period - Snap shot by Daniel Sedin.
4:23 of 2nd period - Stopped by Corey Crawford without a rebound.
4:24 of 2nd period - Jack Eichel wins face-off versus Radek Faksa in Islanders zone.
4:25 of 2nd period - Snap shot by Brad Marchand.
4:25 of 2nd period - Stopped by Corey Crawford with a rebound.
4:27 of 2nd period - Slapshot by Ryan Suter.
4:27 of 2nd period - Stopped by Corey Crawford with a rebound.
5:33 of 2nd period - Snap shot by Christian Dvorak.
5:33 of 2nd period - Goal by Christian Dvorak - Wild : 1 - Islanders : 1.
5:34 of 2nd period - Radek Faksa wins face-off versus Jack Eichel in neutral zone.
6:06 of 2nd period - Wrist shot by Evgeny Kuznetsov.
6:06 of 2nd period - Shot Misses the Net.
6:16 of 2nd period - Brent Burns is hit by Vladimir Tarasenko and loses puck.
6:42 of 2nd period - Snap shot by Adrian Kempe.
6:42 of 2nd period - Shot Blocked by Jake Gardiner.
8:30 of 2nd period - Slapshot by Brandon Saad.
8:30 of 2nd period - Stopped by Anton Khudobin with a rebound.
8:32 of 2nd period - Slapshot by Alex Goligoski.
8:32 of 2nd period - Stopped by Anton Khudobin without a rebound.
8:33 of 2nd period - Adam Lowry wins face-off versus Nicklas Backstrom in Wild zone.
8:38 of 2nd period - Snap shot by William Nylander.
8:38 of 2nd period - Stopped by Corey Crawford without a rebound.
8:39 of 2nd period - Jack Eichel wins face-off versus Vladimir Tarasenko in Islanders zone.
8:46 of 2nd period - Wrist shot by Brad Marchand.
8:46 of 2nd period - Shot Blocked by Matt Dumba.
8:48 of 2nd period - Slapshot by Nikita Zadorov.
8:48 of 2nd period - Stopped by Corey Crawford with a rebound.
8:50 of 2nd period - Wrist shot by Marcus Johansson.
8:50 of 2nd period - Stopped by Corey Crawford with a rebound.
9:06 of 2nd period - Vladimir Tarasenko is hit by Nikita Zadorov and loses puck.
9:11 of 2nd period - Wrist shot by Chris Tierney.
9:11 of 2nd period - Shot Misses the Net.
9:13 of 2nd period - Snap shot by Chris Tierney.
9:13 of 2nd period - Shot Misses the Net.
9:15 of 2nd period - Wrist shot by Christian Dvorak.
9:15 of 2nd period - Shot Blocked by Kyle Palmieri.
9:17 of 2nd period - Slapshot by Christian Dvorak.
9:17 of 2nd period - Shot Blocked by Matt Dumba.
9:19 of 2nd period - Slapshot by Chris Tierney.
9:19 of 2nd period - Shot Misses the Net.
9:37 of 2nd period - Snap shot by Radek Faksa.
9:37 of 2nd period - Stopped by Anton Khudobin with a rebound.
9:58 of 2nd period - Wrist shot by Jack Eichel.
9:58 of 2nd period - Shot Blocked by Jesper Fast.
10:00 of 2nd period - Slapshot by Jack Eichel.
10:00 of 2nd period - Shot Misses the Net.
10:31 of 2nd period - Off-side.
10:32 of 2nd period - Radek Faksa wins face-off versus Chris Tierney in neutral zone.
10:45 of 2nd period - Backhand shot by Brent Burns.
10:45 of 2nd period - Shot Misses the Net.
11:37 of 2nd period - Minor Penalty to Jack Eichel for Hooking.
11:38 of 2nd period - Nicklas Backstrom wins face-off versus Adam Lowry in Wild zone.
11:49 of 2nd period - Snap shot by Kyle Palmieri.
11:49 of 2nd period - Stopped by Anton Khudobin with a rebound.
11:51 of 2nd period - Slapshot by Alex Goligoski.
11:51 of 2nd period - Stopped by Anton Khudobin with a rebound.
11:53 of 2nd period - Slapshot by Matt Dumba.
11:53 of 2nd period - Deflect By Nicklas Backstrom.
11:53 of 2nd period - Shot Misses the Net.
11:53 of 2nd period - Puck is out of play.
11:54 of 2nd period - Adam Lowry wins face-off versus Radek Faksa in Wild zone.
12:35 of 2nd period - Wrist shot by Vladimir Tarasenko.
12:35 of 2nd period - Deflect By Nicklas Backstrom.
12:35 of 2nd period - Stopped by Anton Khudobin without a rebound.
12:36 of 2nd period - James Neal wins face-off versus Adam Lowry in Wild zone.
13:03 of 2nd period - Chris Tierney is hit by Jake Gardiner.
13:37 of 2nd period - Penalty to Jack Eichel is over, Jack Eichel is back on ice.
13:47 of 2nd period - Snap shot by Mikhail Grigorenko.
13:47 of 2nd period - Shot Misses the Net.
13:49 of 2nd period - Slapshot by Alex Goligoski.
13:49 of 2nd period - Shot Blocked by Nikita Zadorov.
13:51 of 2nd period - Slapshot by Alex Goligoski.
13:51 of 2nd period - Shot Hit the Post.
14:19 of 2nd period - Wrist shot by Jack Eichel.
14:19 of 2nd period - Stopped by Corey Crawford without a rebound.
14:20 of 2nd period - Radek Faksa wins face-off versus Adam Lowry in Islanders zone.
14:49 of 2nd period - Wrist shot by Tyler Bozak.
14:49 of 2nd period - Stopped by Anton Khudobin with a rebound.
14:51 of 2nd period - Slapshot by Jesper Fast.
14:51 of 2nd period - Stopped by Anton Khudobin with a rebound.
14:53 of 2nd period - Snap shot by Mikhail Grigorenko.
14:53 of 2nd period - Stopped by Anton Khudobin with a rebound.
14:55 of 2nd period - Slapshot by Will Butcher.
14:55 of 2nd period - Stopped by Anton Khudobin with a rebound.
14:57 of 2nd period - Snap shot by Mikhail Grigorenko.
14:57 of 2nd period - Stopped by Anton Khudobin without a rebound.
14:58 of 2nd period - Evgeny Kuznetsov wins face-off versus Nicklas Backstrom in Wild zone.
15:02 of 2nd period - Off-side.
15:03 of 2nd period - Evgeny Kuznetsov wins face-off versus Vladimir Tarasenko in neutral zone.
15:33 of 2nd period - Off-side.
15:34 of 2nd period - Brandon Saad wins face-off versus Adam Lowry in neutral zone.
16:19 of 2nd period - Snap shot by Brandon Saad.
16:19 of 2nd period - Goal by Brandon Saad - Wild : 1 - Islanders : 2.
16:20 of 2nd period - Nicklas Backstrom wins face-off versus Jack Eichel in neutral zone.
16:37 of 2nd period - Wrist shot by Jack Eichel.
16:37 of 2nd period - Stopped by Corey Crawford without a rebound.
16:38 of 2nd period - Evgeny Kuznetsov wins face-off versus Tyler Bozak in Islanders zone.
17:03 of 2nd period - Marcus Johansson is hit by Karl Alzner and loses puck.
17:32 of 2nd period - Brandon Saad is hit by Adam Lowry.
18:28 of 2nd period - Kyle Palmieri is hit by Jack Eichel and loses puck.
18:43 of 2nd period - Minor Penalty to Nicklas Backstrom for Slashing.
18:44 of 2nd period - Jack Eichel wins face-off versus Radek Faksa in Islanders zone.
18:57 of 2nd period - Wrist shot by Marcus Johansson.
18:57 of 2nd period - Stopped by Corey Crawford with a rebound.
18:59 of 2nd period - Snap shot by Brad Marchand.
18:59 of 2nd period - Deflect By Jack Eichel.
18:59 of 2nd period - Wild goal is going for a video replay.
18:59 of 2nd period - The goal is good.
18:59 of 2nd period - Goal by Jack Eichel - Wild : 2 - Islanders : 2.
19:00 of 2nd period - Jack Eichel wins face-off versus Kyle Palmieri in neutral zone.
19:11 of 2nd period - Wrist shot by Brad Marchand.
19:11 of 2nd period - Shot Blocked by Vladimir Tarasenko.
19:13 of 2nd period - Snap shot by Brad Marchand.
19:13 of 2nd period - Shot Misses the Net.
19:27 of 2nd period - James Neal is hit by Adrian Kempe and loses puck.
19:34 of 2nd period - Wrist shot by Adrian Kempe.
19:34 of 2nd period - Stopped by Corey Crawford without a rebound.
19:35 of 2nd period - Evgeny Kuznetsov wins face-off versus Radek Faksa in Islanders zone.
19:40 of 2nd period - Wrist shot by Daniel Sedin.
19:40 of 2nd period - Shot Blocked by Jordie Benn.
19:46 of 2nd period - Snap shot by James Neal.
19:46 of 2nd period - Shot Misses the Net.
Goals for this period are 2 for Wild vs 1 for Islanders.
Shots for this period are 12 for Wild vs 20 for Islanders.

3rd period


0:01 of 3rd period - Nicklas Backstrom wins face-off versus Jack Eichel in neutral zone.
0:27 of 3rd period - Minor Penalty to Nicklas Backstrom for Holding.
0:28 of 3rd period - Radek Faksa wins face-off versus Jack Eichel in Islanders zone.
0:41 of 3rd period - Snap shot by Jack Eichel.
0:41 of 3rd period - Deflect By Marcus Johansson.
0:41 of 3rd period - Stopped by Corey Crawford without a rebound.
0:42 of 3rd period - Marcus Johansson wins face-off versus Radek Faksa in Islanders zone.
0:59 of 3rd period - Snap shot by Brad Marchand.
0:59 of 3rd period - Goal by Brad Marchand - Wild : 3 - Islanders : 2.
1:00 of 3rd period - Radek Faksa wins face-off versus Jack Eichel in neutral zone.
1:08 of 3rd period - Off-side.
1:09 of 3rd period - Radek Faksa wins face-off versus Jack Eichel in neutral zone.
1:14 of 3rd period - Slapshot by Brandon Saad.
1:14 of 3rd period - Goal by Brandon Saad - Wild : 3 - Islanders : 3.
1:15 of 3rd period - Tyler Bozak wins face-off versus Jack Eichel in neutral zone.
1:46 of 3rd period - Off-side.
1:47 of 3rd period - Evgeny Kuznetsov wins face-off versus Radek Faksa in neutral zone.
2:12 of 3rd period - Snap shot by Brad Marchand.
2:12 of 3rd period - Stopped by Corey Crawford with a rebound.
2:14 of 3rd period - Snap shot by Brad Marchand.
2:14 of 3rd period - Stopped by Corey Crawford with a rebound.
2:16 of 3rd period - Snap shot by Brad Marchand.
2:16 of 3rd period - Deflect By Nicklas Backstrom.
2:16 of 3rd period - Shot Misses the Net.
2:16 of 3rd period - Puck is out of play.
2:17 of 3rd period - Jack Eichel wins face-off versus Nicklas Backstrom in Islanders zone.
2:18 of 3rd period - Wrist shot by Brad Marchand.
2:18 of 3rd period - Stopped by Corey Crawford without a rebound.
2:19 of 3rd period - Tyler Bozak wins face-off versus Marcus Johansson in Islanders zone.
2:32 of 3rd period - Slapshot by Jack Eichel.
2:32 of 3rd period - Stopped by Corey Crawford with a rebound.
2:34 of 3rd period - Snap shot by Jack Eichel.
2:34 of 3rd period - Stopped by Corey Crawford without a rebound.
2:35 of 3rd period - Evgeny Kuznetsov wins face-off versus Radek Faksa in Islanders zone.
2:36 of 3rd period - Slapshot by Brent Burns.
2:36 of 3rd period - Stopped by Corey Crawford with a rebound.
3:00 of 3rd period - Slapshot by Tyler Bozak.
3:00 of 3rd period - Shot Misses the Net.
3:12 of 3rd period - Tyler Bozak is hit by Evgeny Kuznetsov.
3:22 of 3rd period - Snap shot by Evgeny Kuznetsov.
3:22 of 3rd period - Shot Misses the Net.
3:23 of 3rd period - Minor Penalty to Brent Burns for Tripping.
3:24 of 3rd period - Radek Faksa wins face-off versus Adam Lowry in Wild zone.
4:19 of 3rd period - Ryan Suter is hit by Matt Dumba and loses puck.
4:26 of 3rd period - Wrist shot by Brandon Saad.
4:26 of 3rd period - Stopped by Anton Khudobin with a rebound.
4:28 of 3rd period - Slapshot by Matt Dumba.
4:28 of 3rd period - Stopped by Anton Khudobin with a rebound.
4:30 of 3rd period - Slapshot by Brandon Saad.
4:30 of 3rd period - Shot Misses the Net.
4:47 of 3rd period - Wrist shot by James Neal.
4:47 of 3rd period - Shot Misses the Net.
4:49 of 3rd period - Snap shot by Radek Faksa.
4:49 of 3rd period - Stopped by Anton Khudobin without a rebound.
4:50 of 3rd period - Chris Tierney wins face-off versus Nicklas Backstrom in Wild zone.
4:59 of 3rd period - Slapshot by Jake Gardiner.
4:59 of 3rd period - Stopped by Anton Khudobin with a rebound.
5:01 of 3rd period - Wrist shot by Kyle Palmieri.
5:01 of 3rd period - Goal by Kyle Palmieri - Wild : 3 - Islanders : 4.
5:02 of 3rd period - Nicklas Backstrom wins face-off versus Jack Eichel in neutral zone.
5:38 of 3rd period - Icing by Radek Faksa.
5:39 of 3rd period - Jack Eichel wins face-off versus Brandon Saad in Islanders zone.
5:40 of 3rd period - Snap shot by Brad Marchand.
5:40 of 3rd period - Shot Blocked by Matt Dumba.
6:08 of 3rd period - Wrist shot by Radek Faksa.
6:08 of 3rd period - Shot Misses the Net.
6:10 of 3rd period - Wrist shot by Brandon Saad.
6:10 of 3rd period - Shot Misses the Net.
6:12 of 3rd period - Snap shot by Matt Dumba.
6:12 of 3rd period - Stopped by Anton Khudobin with a rebound.
6:22 of 3rd period - Snap shot by James Neal.
6:22 of 3rd period - Stopped by Anton Khudobin with a rebound.
6:24 of 3rd period - Wrist shot by Radek Faksa.
6:24 of 3rd period - Shot Misses the Net.
6:26 of 3rd period - Slapshot by Jordie Benn.
6:26 of 3rd period - Shot Blocked by Ryan Suter.
7:00 of 3rd period - Snap shot by Brandon Saad.
7:00 of 3rd period - Shot Blocked by Ryan Suter.
7:02 of 3rd period - Slapshot by Jordie Benn.
7:02 of 3rd period - Deflect By Daniel Sedin.
7:02 of 3rd period - Stopped by Anton Khudobin with a rebound.
7:04 of 3rd period - Slapshot by Brandon Saad.
7:04 of 3rd period - Stopped by Anton Khudobin with a rebound.
7:06 of 3rd period - Snap shot by James Neal.
7:06 of 3rd period - Stopped by Anton Khudobin with a rebound.
7:08 of 3rd period - Wrist shot by Brandon Saad.
7:08 of 3rd period - Shot Misses the Net.
7:10 of 3rd period - Slapshot by Brandon Saad.
7:10 of 3rd period - Shot Blocked by Evgeny Kuznetsov.
7:42 of 3rd period - Wrist shot by James Neal.
7:42 of 3rd period - Shot Blocked by Ryan Suter.
7:56 of 3rd period - Wrist shot by James Neal.
7:56 of 3rd period - Stopped by Anton Khudobin with a rebound.
7:58 of 3rd period - Wrist shot by James Neal.
7:58 of 3rd period - Deflect By Brandon Saad.
7:58 of 3rd period - Shot Blocked by Adrian Kempe.
7:58 of 3rd period - Puck is out of play.
7:59 of 3rd period - Nicklas Backstrom wins face-off versus Jack Eichel in Wild zone.
8:50 of 3rd period - Slapshot by Jake Gardiner.
8:50 of 3rd period - Shot Blocked by Jonas Brodin.
8:59 of 3rd period - Off-side.
9:00 of 3rd period - Jack Eichel wins face-off versus Nicklas Backstrom in neutral zone.
9:32 of 3rd period - Slapshot by Kris Letang.
9:32 of 3rd period - Shot Misses the Net.
9:57 of 3rd period - Chris Tierney is hit by Jesper Fast and loses puck.
11:12 of 3rd period - Brent Burns is hit by Jordie Benn and loses puck.
11:54 of 3rd period - Jonas Brodin is hit by Jake Gardiner and loses puck.
12:56 of 3rd period - John Moore is hit by Tyler Bozak and loses puck.
13:49 of 3rd period - Christian Dvorak is hit by Jesper Fast and loses puck.
14:25 of 3rd period - John Moore is hit by Timo Meier and loses puck.
14:52 of 3rd period - Chris Mueller is hit by Marcus Johansson and loses puck.
15:22 of 3rd period - Icing by Jake Gardiner.
15:23 of 3rd period - Jack Eichel wins face-off versus Radek Faksa in Islanders zone.
15:26 of 3rd period - Slapshot by Brad Marchand.
15:26 of 3rd period - Shot Blocked by Matt Dumba.
15:28 of 3rd period - Snap shot by Brad Marchand.
15:28 of 3rd period - Deflect By Marcus Johansson.
15:28 of 3rd period - Shot Misses the Net.
15:28 of 3rd period - Puck is out of play.
15:29 of 3rd period - Adam Lowry wins face-off versus Tyler Bozak in Islanders zone.
15:32 of 3rd period - Wrist shot by Brent Burns.
15:32 of 3rd period - Shot Blocked by Matt Dumba.
16:29 of 3rd period - Snap shot by Brandon Saad.
16:29 of 3rd period - Shot Blocked by Brad Marchand.
16:49 of 3rd period - William Nylander is hit by Timo Meier and loses puck.
17:00 of 3rd period - Brent Burns is hit by Kyle Palmieri.
17:06 of 3rd period - Wrist shot by William Nylander.
17:06 of 3rd period - Shot Misses the Net.
17:08 of 3rd period - Snap shot by William Nylander.
17:08 of 3rd period - Stopped by Corey Crawford without a rebound.
17:09 of 3rd period - Tyler Bozak wins face-off versus Jack Eichel in Islanders zone.
17:22 of 3rd period - Snap shot by Tyler Bozak.
17:22 of 3rd period - Shot Blocked by Kris Letang.
17:24 of 3rd period - Wrist shot by Jesper Fast.
17:24 of 3rd period - Shot Misses the Net.
17:42 of 3rd period - Wrist shot by Kyle Palmieri.
17:42 of 3rd period - Shot Misses the Net.
17:44 of 3rd period - Slapshot by Jake Gardiner.
17:44 of 3rd period - Stopped by Anton Khudobin with a rebound.
18:04 of 3rd period - Wrist shot by Christian Dvorak.
18:04 of 3rd period - Stopped by Corey Crawford with a rebound.
18:18 of 3rd period - Slapshot by Evgeny Kuznetsov.
18:18 of 3rd period - Stopped by Corey Crawford with a rebound.
18:37 of 3rd period - Radek Faksa is hit by Brad Marchand and loses puck.
19:35 of 3rd period - Wrist shot by Brandon Saad.
19:35 of 3rd period - Shot Misses the Net.
19:41 of 3rd period - Wild, Anton Khudobin is pulled from the net.
19:55 of 3rd period - Snap shot by Brad Marchand.
19:55 of 3rd period - Stopped by Corey Crawford with a rebound.
Goals for this period are 1 for Wild vs 2 for Islanders.
Shots for this period are 12 for Wild vs 13 for Islanders.